 Dungeon Crawl Stone Soup version 0.20.1-1-g8b1a95d (webtiles) character file.

27676 Vasilisck the Unseen (level 13, 0/93 HPs)
             Began as a Vampire Enchanter on Aug 25, 2017.
             Was an Elder of Dithmenos.
             Slain by a polar bear (5 damage)
             ... on level 6 of the Lair of Beasts.
             The game lasted 01:32:09 (22076 turns).

Vasilisck the Unseen (Vampire Enchanter)           Turns: 22076, Time: 01:32:09

Health: 0/93       AC: 13    Str:  7    XL:     13   Next: 5%
Magic:  23/25      EV:  2    Int: 18    God:    Dithmenos [****..]
Gold:   635        SH:  0    Dex: 23    Spells: 11/28 levels left

rFire    . . .     SeeInvis +   i - +4 dagger (venom)
rCold    + . .     Gourm    .   (no shield)
rNeg     + + +     Faith    .   B - +4 troll leather armour
rPois    ∞         Spirit   .   (no helmet)
rElec    .         Reflect  .   n - +0 cloak
rCorr    .         Harm     .   (no gloves)
MR       +....                  a - +2 pair of boots
Stlth    ++++++++++             w - amulet of regeneration
Regen    0.6/turn               g - ring of stealth
MPRegen  0.2/turn               v - +4 ring of dexterity

@: petrified, regenerating slowly, wreathed by umbra
A: fangs 3, see invisible, unbreathing
a: Bat Form, Shadow Step, Renounce Religion


You were on level 6 of the Lair of Beasts.
You worshipped Dithmenos.
Dithmenos was greatly pleased with you.
You were thirsty.

You visited 3 branches of the dungeon, and saw 16 of its levels.

You collected 670 gold pieces.
You spent 35 gold pieces at shops.

Inventory:

Hand Weapons
 i - a +4 dagger of venom (weapon)
Armour
 a - a +2 pair of boots (worn)
 b - a +0 robe
 h - the +1 robe "Apoy" {rC+ Regen+ MP-9 Str+3}
   (You found it on level 4 of the Dungeon)

   It affects your strength (+3).
   It protects you from cold.
   It affects your magic capacity (-9).
   It increases your rate of regeneration.
 n - a +0 cloak (worn)
 B - a +4 troll leather armour (worn)
Magical Staves
 C - an uncursed staff of wizardry
Jewellery
 g - a ring of stealth (left hand)
 r - an uncursed ring of magical power
 v - a +4 ring of dexterity (right hand)
 w - an amulet of regeneration (around neck)
 z - an uncursed ring of protection from fire
 N - a +4 ring of intelligence
 Q - an uncursed ring of stealth
Wands
 o - a wand of iceblast (0/15)
 u - a wand of iceblast (9/15)
 D - a wand of acid (4/15)
 I - a wand of disintegration (10/24)
 R - a wand of lightning (12/15)
Scrolls
 d - 8 scrolls of remove curse
 e - a scroll of fear
 f - 3 scrolls of identify
 j - 5 scrolls of teleportation
 m - 2 scrolls of magic mapping
 A - 4 scrolls of fog
 F - a scroll of recharging
 K - a scroll of amnesia
Potions
 k - 5 potions of brilliance
 l - 10 potions of blood
 t - a potion of magic
 x - 2 potions of berserk rage
 E - 5 potions of curing
 H - a potion of agility
 M - a potion of heal wounds
 O - a potion of haste
 P - a potion of lignification
Books
 c - a book of Maledictions

   Spells                             Type                      Level
   a - Corona                         Hexes                        1
   b - Ensorcelled Hibernation        Hexes/Ice                    2
   c - Confuse                        Hexes                        3
   d - Tukima's Dance                 Hexes                        3
   e - Dazzling Spray                 Conjuration/Hexes            3
 p - a book of Changes

   Spells                             Type                      Level
   a - Beastly Appendage              Transmutation                1
   b - Sticks to Snakes               Transmutation                2
   c - Spider Form                    Transmutation/Poison         3
   d - Ice Form                       Ice/Transmutation            4
   e - Blade Hands                    Transmutation                5
 q - a book of Debilitation

   Spells                             Type                      Level
   a - Corona                         Hexes                        1
   b - Slow                           Hexes                        2
   c - Inner Flame                    Hexes/Fire                   3
   d - Portal Projectile              Hexes/Translocation          3
   e - Cause Fear                     Hexes                        4
   f - Leda's Liquefaction            Hexes/Earth                  4
 s - a book of Annihilations

   Spells                             Type                      Level
   a - Poison Arrow                   Conjuration/Poison           6
   b - Chain Lightning                Conjuration/Air              8
   c - Lehudib's Crystal Spear        Conjuration/Earth            8
   d - Glaciate                       Conjuration/Ice              9
   e - Fire Storm                     Conjuration/Fire             9
 y - a book of Power

   Spells                             Type                      Level
   a - Iskenderun's Battlesphere      Conjuration/Charms           5
   b - Venom Bolt                     Conjuration/Poison           5
   c - Bolt of Magma                  Conjuration/Fire/Earth       5
   d - Iron Shot                      Conjuration/Earth            6
   e - Orb of Destruction             Conjuration                  7
   f - Spellforged Servitor           Conjuration/Summoning        7
 G - a book of Ice

   Spells                             Type                      Level
   a - Ice Form                       Ice/Transmutation            4
   b - Metabolic Englaciation         Hexes/Ice                    5
   c - Ozocubu's Refrigeration        Ice                          6
   d - Bolt of Cold                   Conjuration/Ice              6
   e - Freezing Cloud                 Conjuration/Ice/Air          6
   f - Simulacrum                     Ice/Necromancy               6
 L - a Young Poisoner's Handbook

   Spells                             Type                      Level
   a - Sting                          Conjuration/Poison           1
   b - Poisonous Vapours              Poison/Air                   2
   c - Mephitic Cloud                 Conjuration/Poison/Air       3
   d - Olgreb's Toxic Radiance        Poison                       4
   e - Venom Bolt                     Conjuration/Poison           5
Miscellaneous
 J - a crystal ball of energy


   Skills:
 - Level 6.0 Fighting
 - Level 8.2 Short Blades
 + Level 4.0 Armour
 + Level 10.5 Dodging
 - Level 17.3 Stealth
 - Level 8.0 Spellcasting
 - Level 8.0 Hexes
 - Level 6.2 Necromancy
 - Level 5.0 Ice Magic


You had 11 spell levels left.
You knew the following spells:

 Your Spells              Type           Power        Failure   Level  Hunger
a - Tukima's Dance        Hex            #####...     1%          3    #......
b - Ensorcelled Hibernat  Hex/Ice        ####..       1%          2    None
c - Dazzling Spray        Conj/Hex       ###...       9%          3    #......
d - Confuse               Hex            #####...     1%          3    #......
e - Simulacrum            Ice/Necr       ####......   91%         6    ######.


Dungeon Overview and Level Annotations

Branches:
Dungeon (9/15)             Temple (1/1) D:5            Lair (6/6) D:8
  Swamp (0/4) Lair:3        Snake (0/4) Lair:2          Orc (0/2) D:9
  Slime: Lair:5-6

Altars:
Ashenzari
Cheibriados
Dithmenos
Elyvilon
Fedhas
Gozag
Hepliaklqana
Kikubaaqudgha
Makhleb
Nemelex Xobeh
Okawaru
Qazlal
Ru
Sif Muna
Trog
Uskayaw
Vehumet
Xom
Yredelemnul
Zin
The Shining One

Shops:
D:4 ?   D:8 }


Innate Abilities, Weirdness & Mutations

You heal slowly.
You have razor-sharp teeth.
You have supernaturally acute eyesight. (SInv)
You can survive without breathing.


Message History

The six-headed hydra bites you but does no damage. x3
The six-headed hydra barely misses you. The polar bear bites you.
* * * LOW HITPOINT WARNING * * *
The polar bear claws you but does no damage.
The polar bear claws you.
* * * LOW HITPOINT WARNING * * *
The six-headed hydra bites you!
* * * LOW HITPOINT WARNING * * *
The six-headed hydra bites you.
* * * LOW HITPOINT WARNING * * *
The six-headed hydra bites you!
* * * LOW HITPOINT WARNING * * *
The six-headed hydra bites you!
* * * LOW HITPOINT WARNING * * *
The six-headed hydra bites you but does no damage.
The six-headed hydra barely misses you.
The basilisk hisses menacingly.
The polar bear bites you!
You die...

.................
.................
.................
.♣♣.♣............
♣♣♣♣♣.......♣♣.
♣♣♣..♣♣♣♣ ♣♣†♣♣
♣♣.♣ ♣♣@♣ ♣hD♣
♣.llh♣ ...♣...♣
...♣♣♣♣.♣.. ♣♣♣♣
.♣♣♣.. ♣♣ .


You could see a six-headed hydra, a polar bear, a komodo dragon, a basilisk and
a wolf.

Vanquished Creatures
  Harold (Lair:1)
  5 hydras
  Pikel (D:4)
  A salamander (Lair:2)
  An elephant (Lair:4)
  An ice statue (Lair:3)
  3 black mambas
  6 spiny frogs
  A rime drake (Lair:4)
  4 komodo dragons
  2 trolls (D:9)
  A tyrant leech (Lair:3)
  5 polar bears
  Grinder (D:3)
  11 blink frogs
  7 hippogriffs
  26 yaks
  4 wyverns (Lair:4)
  2 fire bats (Lair:2)
  2 basilisks
  Menkaure (D:7)
  3 swamp worms (Lair:3)
  10 water moccasins
  9 porcupines
  An orc warrior (D:6)
  2 slaves (D:4)
  3 black bears
  2 ice beasts (Lair:3)
  2 phantoms
  7 ogres
  9 wolves (Lair:3)
  The ghost of Britaniac the Firebug, an amateur DsFE (D:3)
  8 crocodiles
  A big kobold (D:8)
  A gnoll sergeant (D:5)
  14 bullfrogs
  A water moccasin skeleton (D:6)
  A scorpion (D:8)
  6 killer bees (D:9)
  A howler monkey (D:7)
  2 wights
  A centaur zombie (D:9)
  A bullfrog skeleton (D:5)
  6 hounds
  4 orc priests
  Crazy Yiuf (D:4)
  3 iguanas
  3 jellies
  11 orc wizards
  7 worker ants
  A hound zombie (D:8)
  2 hound skeletons
  Robin (D:2)
  12 gnolls
  11 adders
  A howler monkey skeleton (D:4)
  4 shadow imps
  3 white imps (Lair:3)
  An ooze (D:1)
  An adder skeleton (D:8)
  A worm (D:3)
  3 dart slugs (D:1)
  A leopard gecko (D:7)
  30 orcs
  6 bats
  7 giant cockroaches
  21 goblins
  12 hobgoblins
  19 jackals
  11 kobolds
  3 quokkas
  2 ball pythons
  5 frilled lizards
  A giant cockroach zombie (D:6)
  2 jackal skeletons (D:5)
  A leopard gecko skeleton (D:7)
  A quokka zombie (D:5)
  12 rats
382 creatures vanquished.

Vanquished Creatures (collateral kills)
  A wight (D:8)
  2 orcs
3 creatures vanquished.

Vanquished Creatures (others)
  A dancing weapon (D:5)
  A hound (D:4)
  An orc priest (D:4)
  2 orc wizards (D:4)
  A bullfrog skeleton (D:4)
  3 fungi
9 creatures vanquished.

Grand Total: 394 creatures vanquished

Notes
Turn   | Place    | Note
-------+----------+-------------------------------------------
     0 | D:1      | Vasilisck the Vampire Enchanter began the quest for the Orb.
     0 | D:1      | Reached XP level 1. HP: 13/13 MP: 3/3
   630 | D:1      | Reached XP level 2. HP: 10/19 MP: 5/5
   637 | D:1      | Reached skill level 5 in Stealth
  1228 | D:1      | Learned a level 2 spell: Ensorcelled Hibernation
  1637 | D:1      | Reached XP level 3. HP: 4/24 MP: 3/6
  1639 | D:1      | HP: 1/24 [jackal (3)]
  2199 | D:1      | HP: 1/24 [jackal (2)]
  2233 | D:1      | HP: 1/24 [jackal (3)]
  3227 | D:1      | Reached XP level 4. HP: 23/30 MP: 7/7
  3422 | D:2      | Noticed Robin
  3443 | D:2      | Reached skill level 1 in Ice Magic
  3476 | D:2      | Killed Robin
  3476 | D:2      | Reached skill level 5 in Hexes
  3722 | D:2      | Found a stormy altar of Qazlal.
  3722 | D:2      | Noticed a fire elemental
  3725 | D:2      | Noticed an air elemental
  3729 | D:2      | Noticed an earth elemental
  3729 | D:2      | Noticed a water elemental
  4198 | D:3      | Noticed Britaniac's ghost (amateur DsFE)
  4631 | D:3      | Reached XP level 5. HP: 35/35 MP: 8/8
  4640 | D:3      | Reached skill level 6 in Stealth
  5078 | D:3      | Killed Britaniac's ghost
  5078 | D:3      | Reached skill level 7 in Stealth
  5737 | D:4      | Noticed a phantom
  6055 | D:3      | Reached XP level 6. HP: 13/41 MP: 4/9
  6293 | D:3      | Reached skill level 8 in Stealth
  6729 | D:4      | Noticed a slave
  7154 | D:4      | Noticed Grinder
  7328 | D:3      | Reached skill level 1 in Fighting
  7800 | D:4      | Paralysed by Grinder for 2 turns
  8137 | D:3      | Paralysed by Grinder for 4 turns
  8147 | D:3      | Paralysed by Grinder for 5 turns
  8162 | D:3      | Killed Grinder
  8162 | D:3      | Reached XP level 7. HP: 42/52 MP: 10/10
  8293 | D:4      | Noticed Pikel
  8783 | D:4      | Got a wizard robe
  8795 | D:4      | Identified the cursed +1 robe "Apoy" {rC+ Regen+ MP-9 Str+3} (You found it on level 4 of the Dungeon)
  9180 | D:4      | Found a runed door.
  9189 | D:4      | Noticed Crazy Yiuf
  9199 | D:4      | Killed Crazy Yiuf
  9348 | D:4      | Reached skill level 5 in Fighting
  9866 | D:4      | Killed Pikel
  9866 | D:4      | Reached XP level 8. HP: 38/62 MP: 4/11
 10297 | D:4      | Found Gutiohina's Magic Scroll Shop.
 10314 | D:4      | Bought a scroll of fear for 35 gold pieces
 10384 | D:4      | Learned a level 3 spell: Tukima's Dance
 10388 | D:4      | Learned a level 3 spell: Dazzling Spray
 10392 | D:4      | Learned a level 3 spell: Confuse
 10459 | D:5      | Entered Level 5 of the Dungeon
 11032 | D:5      | Reached skill level 5 in Dodging
 11249 | D:5      | Found a sacrificial altar of Ru.
 11381 | D:5      | Found a staircase to the Ecumenical Temple.
 11388 | Temple   | Entered the Ecumenical Temple
 11519 | Temple   | Became a worshipper of Dithmenos the Shadowed
 12026 | D:6      | Reached skill level 5 in Ice Magic
 12124 | D:6      | Reached XP level 9. HP: 13/68 MP: 0/12
 13099 | D:7      | Noticed Menkaure
 13105 | D:7      | Killed Menkaure
 13338 | D:7      | Reached * piety under Dithmenos
 13496 | D:7      | Reached skill level 9 in Stealth
 13597 | D:7      | Reached skill level 5 in Short Blades
 13777 | D:8      | Reached skill level 10 in Stealth
 13840 | D:8      | Found Mukken's Gadget Boutique.
 13946 | D:8      | Found an ancient bone altar of Kikubaaqudgha.
 13946 | D:8      | Found an opulent altar of Gozag.
 13946 | D:8      | Found a hazy altar of Hepliaklqana.
 13958 | D:8      | Found a radiant altar of Vehumet.
 13962 | D:8      | Found a shimmering altar of Xom.
 14093 | D:8      | Found a staircase to the Lair.
 14144 | D:8      | Reached skill level 11 in Stealth
 14690 | D:8      | Found a snail-covered altar of Cheibriados.
 14852 | D:8      | Reached skill level 12 in Stealth
 14852 | D:8      | Reached XP level 10. HP: 74/74 MP: 13/13
 15497 | D:9      | Reached ** piety under Dithmenos
 16178 | D:9      | Found a staircase to the Orcish Mines.
 16291 | Lair:1   | Entered Level 1 of the Lair of Beasts
 16450 | Lair:1   | Noticed a spiny frog
 16458 | Lair:1   | Killed a spiny frog
 16465 | Lair:1   | Noticed a black mamba
 16527 | Lair:1   | Noticed a spiny frog
 16531 | Lair:1   | Killed a spiny frog
 16561 | Lair:1   | Reached skill level 5 in Spellcasting
 16633 | Lair:1   | Reached XP level 11. HP: 81/81 MP: 11/20
 16729 | Lair:1   | Noticed Harold
 16781 | Lair:1   | Killed Harold
 17379 | Lair:2   | Reached skill level 13 in Stealth
 17421 | Lair:2   | Found a staircase to the Snake Pit.
 17464 | Lair:2   | Reached *** piety under Dithmenos
 17535 | Lair:2   | Reached skill level 14 in Stealth
 17725 | Lair:2   | Reached skill level 15 in Stealth
 18126 | Lair:2   | Reached skill level 16 in Stealth
 18414 | Lair:3   | Found a sparkling altar of Nemelex Xobeh.
 18417 | Lair:3   | Noticed a seven-headed hydra
 18738 | Lair:3   | Learned a level 6 spell: Simulacrum
 18745 | Lair:3   | Killed a seven-headed hydra
 18745 | Lair:3   | Reached skill level 17 in Stealth
 18745 | Lair:3   | Reached skill level 1 in Necromancy
 18745 | Lair:3   | Reached XP level 12. HP: 88/88 MP: 20/24
 18966 | Lair:3   | Reached **** piety under Dithmenos
 19228 | Lair:3   | Noticed a seven-headed hydra
 19379 | Lair:3   | Reached skill level 5 in Necromancy
 19484 | Lair:3   | HP: 3/88 [seven-headed hydra (10)]
 19695 | Lair:3   | Found a staircase to the Swamp.
 19935 | Lair:3   | Killed a seven-headed hydra
 20460 | Lair:4   | Noticed a four-headed hydra
 20467 | Lair:4   | Killed a four-headed hydra
 20467 | Lair:4   | Reached skill level 1 in Armour
 21266 | Lair:5   | Noticed a seven-headed hydra
 21271 | Lair:5   | Killed a seven-headed hydra
 21462 | Lair:5   | Noticed a four-headed hydra
 21469 | Lair:5   | Killed a four-headed hydra
 21469 | Lair:5   | Reached skill level 10 in Dodging
 21505 | Lair:5   | Reached XP level 13. HP: 93/93 MP: 8/25
 22054 | Lair:6   | Entered Level 6 of the Lair of Beasts
 22076 | Lair:6   | Slain by a polar bear

Skill      XL: |  1  2  3  4  5  6  7  8  9 10 11 12 13 |
---------------+----------------------------------------+-----
Stealth        | 5 7 8 12 17 | 17.3
Dodging        | 3 4 6 8 9 10 | 10.5
Short Blades   | 3 5 6 8 |  8.2
Ice Magic      | 2 3 5 |  5.0
Hexes          | 5 6 8 |  8.0
Fighting       | 3 5 6 |  6.0
Spellcasting   | 6 8 |  8.0
Necromancy     | 1 6 |  6.2
Armour         | 3 4 |  4.0

Action                   |  1- 3 |  4- 6 |  7- 9 | 10-12 | 13-15 || total
-------------------------+-------+-------+-------+-------+-------++-------
Melee: Dagger            |   206 |   276 |   493 |   463 |     8 ||  1446
       Bite              |    18 |    27 |    54 |    52 |       ||   151
       Unarmed           |       |     4 |     1 |       |       ||     5
 Cast: Ensorcelled Hiber |    12 |    16 |    45 |   156 |     8 ||   237
       Tukima's Dance    |       |       |    13 |     1 |       ||    14
       Confuse           |       |       |       |     9 |       ||     9
 Abil: Bat Form          |     1 |     3 |     6 |     8 |       ||    18
       End Transformatio |     1 |     3 |     6 |     8 |       ||    18
Evoke: Wand              |       |       |       |     9 |       ||     9
  Use: Potion            |     6 |    14 |    17 |    16 |     1 ||    54
       Scroll            |     4 |     5 |    12 |    17 |     2 ||    40
 Stab: Sleeping          |    12 |    19 |    65 |   110 |     6 ||   212
       Distracted        |       |     2 |       |     2 |       ||     4
       Confused          |       |       |       |     7 |       ||     7
Armor: Robe              |    37 |    23 |    30 |     3 |       ||    93
       Troll leather arm |       |       |       |    70 |    27 ||    97
Dodge: Dodged            |   152 |   126 |   308 |   473 |    20 ||  1079
